cohdb
Replays
Latest Replays
All Replays
Popular Replays
Top Player Replays
Match Explorer
How It Works
Community
CoH3 Stats
Reddit
Sign in to upload your games and track your stats! →
Sign in with Steam
Match 45535831
Unlisted
Match 45535831
Overview
Messages
Build Orders
End
Selects Australian Defense Battlegroup
Selects Australian Light Infantry Section
Australian Light Infantry Section
Construct Section Command Post
Dingo Light Scout Car
Infantry Section
Australian Light Infantry Section
Royal Engineer Section
Construct Platoon Command Post
Humber Armored Car
Construct Field Infirmary
6-pounder Anti-tank Gun Team
Australian Light Infantry Section
Construct Company Command Post
Selects 2-pounder Anti-tank Gun Team
2-pounder Anti-tank Gun Team
Sad Pepe
Ace
0
0
Comments
sign in to comment!
No comments posted yet!